 Dungeon Crawl Stone Soup version 0.25.1-2-g60ff931df9 (webtiles) character file.

Game seed: 4309970435468147255

238 Garessta the Insei (level 6, -2/39 HPs)
             Began as an Octopode Transmuter on Oct 16, 2020.
             Slain by Duvessa
             ... wielding a +0 short sword
              (5 damage)
             ... on level 4 of the Dungeon.
             The game lasted 00:11:39 (4487 turns).

Garessta the Insei (Octopode Transmuter)            Turns: 4487, Time: 00:11:39

Health: -2/39      AC:  2    Str: 11    XL:     6   Next: 7%
Magic:  2/9        EV: 13    Int: 16    God:
Gold:   111        SH:  0    Dex: 12    Spells: 3/9 levels left

rFire    . . .     SeeInvis +     - Unarmed
rCold    . . .     Gourm    .   (no shield)
rNeg     . . .     Faith    .   (helmet restricted)
rPois    .         Spirit   .   (no amulet)
rElec    .         Reflect  .   (no ring)
rCorr    .         Harm     .   (no ring)
MR       .....                  (no ring)
Stlth    ++........             (no ring)
HPRegen  0.13/turn              (no ring)
MPRegen  0.11/turn              (no ring)
                                (no ring)
                                (no ring)

@: appendage, very slightly contaminated, hasted, very quick
A: almost no armour, stealthy swim, amphibious, 8 rings, constrict 8, tentacle
spike 3, rugged brown scales 1, camouflage 1, see invisible, gelatinous body 1
a: End Transformation


You were on level 4 of the Dungeon.
You were hungry.
One of your tentacles had a temporary spike.
You visited 1 branch of the dungeon, and saw 4 of its levels.

You collected 111 gold pieces.

Inventory:

Missiles
 a - 39 arrows
Scrolls
 f - a scroll of enchant armour {unknown}
 g - 2 scrolls of remove curse
 j - a scroll of enchant weapon {unknown}
 k - a scroll of noise {unknown}
 l - a scroll of magic mapping {unknown}
 m - a scroll of teleportation {unknown}
 n - 2 scrolls of amnesia
 o - a scroll of blinking {unknown}
Potions
 d - 3 potions of mutation
 i - a potion of brilliance
 q - a potion of might
Comestibles
 c - 8 rations


   Skills:
 - Level 1.0 Fighting
 - Level 2.0 Dodging
 + Level 4.6 Unarmed Combat
 + Level 2.0 Spellcasting
 + Level 4.0 Transmutations
 - Level 3.1 Poison Magic


You had 3 spell levels left.
You knew the following spells:

 Your Spells              Type           Power        Failure   Level  Hunger
a - Beastly Appendage     Tmut           ##....       4%          1    #......
b - Sticks to Snakes      Tmut           ##......     6%          2    ###....
c - Spider Form           Tmut/Pois      ##........   14%         3    ###....

Your spell library contained the following spells:

 Spells                   Type           Power        Failure   Level  Hunger
 Corona                   Hex            #......      21%         1    #......
 Ensorcelled Hibernation  Hex/Ice        #.....       30%         2    ###....
 Confusing Touch          Hex            #.......     52%         3    ###....
 Dazzling Flash           Conj/Hex       #.....       52%         3    ###....
 Tukima's Dance           Hex            #.......     52%         3    ###....
 Ice Form                 Ice/Tmut       #.......     65%         4    #####..
 Blade Hands              Tmut           ##........   73%         5    ######.


Dungeon Overview and Level Annotations

Branches:
Dungeon (4/15)
 Temple: D:4-7

Altars:

Annotations:
D:4 Dowan, Duvessa


Innate Abilities, Weirdness & Mutations

You cannot wear most types of armour.
You are very stealthy in the water. (Stealth+)
You are amphibious.
You can wear up to eight rings at the same time.
You can use your tentacles to constrict eight enemies at once.
Your skin changes colour to match your surroundings (Stealth+).
Your rubbery body absorbs attacks. (AC +1, EV +1)
One of your tentacles bears a large vicious spike.
You are partially covered in rugged brown scales. (AC +1, +3% HP)
You have supernaturally acute eyesight. (SInv)


Message History

Duvessa gestures with her weapon.
Duvessa barely misses you.
Casting: Sticks to Snakes (safe; 6% risk of failure)
Confirm with . or Enter, or press ? or * to list all spells.
One of your tentacles grows a vicious spike.
Duvessa hits you with a +0 short sword.
You barely miss Duvessa. You grab Duvessa.
You constrict Duvessa, but do no damage.
Duvessa hits you with a +0 short sword! x2
* * * LOW HITPOINT WARNING * * *
You tentacle-slap Duvessa.
Duvessa is lightly wounded.
You constrict Duvessa, but do no damage.
Duvessa hits you with a +0 short sword.
* * * LOW HITPOINT WARNING * * *
Okay, then.
You feel yourself speed up.
You constrict Duvessa, but do no damage.
Duvessa barely misses you. Duvessa hits you with a +0 short sword.
You die...

........e#.# ##.###.###.
.o..####.#.# #.##.## ##
.#.....o...#
#####.....###.
#######.###
#..........#.# ##e## ###
###.#######.#.##
#...###.. ........###.#.#
#.#..##.# ............#.#
#....##.##.$.....####.#.#
#.##..#ee@...>... #.#.#
.$.....#o.##..(....
#.#.## ###.#.###.#
....... #..... #.## ..#
.......####.#.## .#.#
###......##.#... ..#..
#..###.##.#### .. #..
#..# #....# #.. #...
#.###.#### ... #.....# #


You could see Duvessa (fast), Dowan and an orc.

Vanquished Creatures
  A hound (D:4)
  An orc wizard (D:3)
  3 adders
  3 dart slugs
  2 worms (D:3)
  A leopard gecko (D:3)
  5 orcs (D:3)
  8 bats
  3 giant cockroaches
  7 goblins
  6 hobgoblins
  7 jackals
  2 quokkas
  A ball python (D:1)
  2 frilled lizards
  6 kobolds
  7 rats
65 creatures vanquished.

Vanquished Creatures (collateral kills)
  A sky beast (D:3)
  A goblin (D:2)
  A quokka (D:2)
3 creatures vanquished.

Grand Total: 68 creatures vanquished

Notes
Turn   | Place    | Note
-------+----------+-------------------------------------------
     0 | D:1      | Garessta the Octopode Transmuter began the quest for the
                  | Orb.
     0 | D:1      | Reached XP level 1. HP: 13/13 MP: 3/3
   376 | D:1      | Reached XP level 2. HP: 18/18 MP: 5/5
   421 | D:1      | Learned a level 2 spell: Sticks to Snakes
   756 | D:1      | Reached XP level 3. HP: 16/23 MP: 4/6
  1107 | D:2      | Learned a level 3 spell: Spider Form
  1568 | D:2      | Reached skill level 1 in Poison Magic
  1870 | D:2      | Reached XP level 4. HP: 28/28 MP: 5/7
  2336 | D:3      | Noticed a sky beast
  2490 | D:3      | Killed a sky beast
  2490 | D:3      | Reached XP level 5. HP: 23/33 MP: 1/8
  2740 | D:3      | Gained mutation: You are partially covered in rugged brown
                  | scales. (AC +1, +3% HP) [potion of mutation]
  2740 | D:3      | Gained mutation: You have supernaturally acute eyesight.
                  | (SInv) [potion of mutation]
  4308 | D:4      | Reached XP level 6. HP: 24/39 MP: 7/9
  4316 | D:4      | Noticed Duvessa
  4455 | D:4      | Noticed Dowan
  4487 | D:4      | Slain by Duvessa

Illustrated notes

Levels and vault maps discovered:
D:1:      evilmike_arrival_crescent, layout_basic
D:2:      layout_loops_ring, first_ration, minmay_cupped
D:3:      layout_loops_corners
D:4:      layout_loops_ring, uniq_grinder, uniq_duvessa

Skill      XL: |  1  2  3  4  5 |
---------------+----------------+-----
Transmutations | 3 4 |  4.0
Poison Magic   | 1 2 3 |  3.1
Unarmed Combat | 4 |  4.6
Fighting       | |  1.0
Dodging        | |  2.0
Spellcasting   | |  2.0

Action                   |  1- 3 |  4- 6 || total
-------------------------+-------+-------++-------
Melee: Unarmed           |    72 |    69 ||   141
       Constrict         |    23 |    21 ||    44
       Kick              |    17 |    14 ||    31
       Tentacles         |    10 |    13 ||    23
       Punch             |     2 |     2 ||     4
 Cast: Beastly Appendage |    20 |    19 ||    39
       Sticks to Snakes  |     1 |    11 ||    12
  Use: Scroll            |     3 |     1 ||     4
       Potion            |       |     6 ||     6
 Stab: Sleeping          |     3 |     3 ||     6
  Eat: Chunk             |     2 |    10 ||    12
Armor: Skin              |    13 |     5 ||    18
Dodge: Dodged            |    38 |    40 ||    78
